 Dungeon Crawl Stone Soup version 0.16-a0-791-gf1c67de (webtiles) character file.

23157 RobertPalmer the Bludgeoner (level 13, -2/106 HPs)
             Began as an Ogre Transmuter on Sept 28, 2014.
             Was an Elder of Ashenzari.
             Slain by a blue devil (16 damage)
             ... in an ice cave.
             The game lasted 01:11:02 (19880 turns).

RobertPalmer the Bludgeoner (Ogre Transmuter)      Turns: 19880, Time: 01:11:03

HP  -2/106       AC  7     Str 18      XL: 13   Next:  4%
MP  20/20        EV 19     Int 15      God: Ashenzari [****..]
Gold 896         SH  0     Dex 11      Spells:  4 memorised,  7 levels left

rFire  + . .     SeeInvis +     a - +0 giant spiked club (curse)
rCold  . . .     Clarity  +     c - +0 robe
rNeg   . . .     rCorr    .     (shield restricted)
rPois  .         rRot     .     m - +2 hat (curse)
rElec  .         Spirit   .     F - +1 cloak
SustAb .         Warding  .     (gloves unavailable)
rMut   .         Stasis   .     (boots unavailable)
Gourm  .                        (no amulet)
MR     +....                    q - cursed ring "Ceozeesm" {rF+ Slay+6 Stlth++}
                                t - cursed +4 ring of evasion

@: somewhat resistant to hostile enchantments, fairly stealthy
A: unfitting armour, tough skin 1
a: Scrying, Renounce Religion


You were in an ice cave.
You worshipped Ashenzari.
Ashenzari was greatly pleased with you.
You were not hungry.

You visited 2 branches of the dungeon, and saw 16 of its levels.
You also visited: Sewer and Ice Cave.

You collected 896 gold pieces.


Innate Abilities, Weirdness & Mutations

You are too large for most types of armour.
You have tough skin (AC +1).


   Skills:
 - Level 1.5 Fighting
 + Level 15.5(19.5) Maces & Flails
 - Level 11.8 Dodging
 - Level 2.6 Unarmed Combat
 - Level 2.4 Spellcasting
 - Level 6.9(9.3) Charms
 - Level 5.4(7.7) Necromancy
 - Level 2.0(3.7) Transmutations


You had 7 spell levels left.
You knew the following spells:

 Your Spells              Type           Power        Failure   Level  Hunger
g - Regeneration          Chrm/Necr      ####......   1%          3    ####...
y - Animate Skeleton      Necr           N/A          1%          1    #......
z - Beastly Appendage     Trmt           ##....       6%          1    #......
X - Animate Dead          Necr           N/A          12%         4    #####..

Inventory:

Hand weapons
 a - a cursed +0 giant spiked club (weapon)
Armour
 c - a +0 robe (worn)
 m - a cursed +2 hat (worn)
 F - a +1 cloak (worn)
Magical devices
 b - a wand of teleportation (2) {!d}
 i - a wand of polymorph (12)
 L - a wand of confusion (0)
 M - a wand of magic darts (15)
 Q - a wand of teleportation (2) {!d}
Comestibles
 g - 8 bread rations
 n - 14 fruits
 o - 3 meat rations
Scrolls
 e - a scroll of fog
 k - 2 scrolls of recharging
 l - 3 scrolls of magic mapping
 r - 3 scrolls of curse armour
 x - 6 scrolls of remove curse
 E - a scroll of amnesia
 H - 5 scrolls of identify
 O - 3 scrolls of teleportation
Jewellery
 h - an uncursed ring of stealth
 q - the cursed ring "Ceozeesm" (right hand) {rF+ Slay+6 Stlth++}
   (You found it on level 9 of the Dungeon)

   [ring of protection from fire]

   It affects your accuracy and damage with ranged weapons and melee attacks
   (+6).
   It protects you from fire.
   It makes you much more stealthy.
   It has a curse placed upon it.
 t - a cursed +4 ring of evasion (left hand)
Potions
 f - 2 potions of flight
 j - a potion of restore abilities
 p - 7 potions of curing
 u - a potion of lignification {unknown}
 v - a potion of brilliance {unknown}
 w - 2 potions of might
 z - a potion of poison {unknown}
 A - a potion of cancellation
 G - a potion of cure mutation {unknown}
 P - 2 potions of resistance
 T - a potion of degeneration {unknown}
Books
 d - a book of Changes
 I - a book of Necromancy
Magical staves
 N - an uncursed staff of cold

Dungeon Overview and Level Annotations

Branches:
Dungeon (10/15)              Lair (6/8) D:8           Swamp (0/5) Lair:3
 Spider (0/5) Lair:4
 Temple: D:4-7          Orc: D:9-12       Slime: Lair:6-8

Altars:
Ashenzari
Cheibriados
Dithmenos
Fedhas
Gozag
Makhleb
Okawaru
Trog
Vehumet
Xom
Yredelemnul
Zin
The Shining One

Shops:
D:7 =   D:8 *

Annotations:
D:7 Talonman's ghost, experienced DrEE

**, , {.#, , ,* , ,
, .####.. , ** ,
.§§§§.#*, ,, *
*,§§§§...,,, *
##§§§§§..#***≈
###4§§#* * * ≈ #
##.§§### ≈≈≈≈ ####
##...#### ######...
##.@.##[§§##........
#.4###[.§.........#.
#...##§§.§.##..#####
##..####§.§§##...#
###...###§###...#
##....###....##
###........##
###....### ######


You could see 2 blue devils.


Message History

The blue devil swoops through the air toward you!
The blue devil misses you.
Unknown command.
You puncture the blue devil!
The blue devil is moderately wounded.
A blue devil comes into view.
You barely miss the blue devil.
The blue devil is moderately wounded.
The blue devil misses you.
You barely miss the blue devil.
The blue devil is moderately wounded.
The blue devil barely misses you.
Read which item? (? for menu, Esc to quit)
Okay, then.
Drink which item? (? for menu, Esc to quit)
You feel refreshed.
It was a potion of restore abilities.
The blue devil closely misses you.
You hit the blue devil but do no damage.
The blue devil is moderately wounded.
The blue devil hits you.
* * * LOW HITPOINT WARNING * * *
You hit the blue devil.
The blue devil is heavily wounded.
You closely miss the blue devil.
The blue devil is heavily wounded.
The blue devil barely misses you.
You hit the blue devil.
The blue devil is heavily wounded.
The blue devil hits you!
You die...

Action                   |  1- 3 |  4- 6 |  7- 9 | 10-12 | 13-15 || total
-------------------------+-------+-------+-------+-------+-------++-------
Melee: Unarmed           |    22 |       |       |       |       ||    22
       Club              |    73 |       |       |       |       ||    73
       Whip              |    69 |       |       |       |       ||    69
       Flail             |    22 |   216 |    77 |       |       ||   315
       Giant club        |       |       |   327 |   100 |       ||   427
       Giant spiked club |       |       |       |   607 |    18 ||   625
 Fire: Blowgun           |       |       |    29 |    34 |       ||    63
Throw: Throwing net      |       |       |       |     1 |       ||     1
 Cast: Beastly Appendage |    24 |    20 |    30 |    26 |       ||   100
       Sticks to Snakes  |       |     7 |    49 |    12 |       ||    68
       Regeneration      |       |       |       |    15 |     1 ||    16
       Animate Dead      |       |       |       |    18 |       ||    18
Evoke: Wand              |       |     7 |     6 |    17 |       ||    30
  Use: Scroll            |     6 |     4 |     8 |    13 |       ||    31
       Potion            |       |       |    14 |     6 |     1 ||    21
 Stab: Distracted        |       |     1 |       |     1 |       ||     2
       Sleeping          |       |       |     2 |    16 |       ||    18
       Fleeing           |       |       |     1 |     1 |       ||     2
       Invisible         |       |       |     1 |       |       ||     1
       Betrayed ally     |       |       |     1 |       |       ||     1
  Eat: Chunk             |     3 |     4 |    23 |    35 |       ||    65
       Beef jerky        |       |     1 |       |     2 |       ||     3
       Pizza             |       |       |       |     1 |       ||     1
       Bread ration      |       |       |       |     1 |       ||     1
       Fruit             |       |       |       |     1 |       ||     1

Vault maps used:
D:1:      lemuel_arrival_lava_pool, supply_closet_lemuel
D:2:      okawaru_metal_pillars_1_2, zin_angel,
          gammafunk_temple_overflow_elements, bloody_makhleb
D:3:      lemuel_round_altar, portal_sewer_entry_f, first_bread, uniq_natasha
D:4:      lemuel_coloured_pillars_altar, trog_three_pillars_becter, uniq_sigmund
D:6:      lemuel_crystal_altar, kennysheep_little_box, lemuel_round_altar,
          old_standard_altar
D:7:      minmay_temple_entry_junction, serial_shops, kennysheep_mini,
          yredelemnul_altar_generic, uniq_blork_the_orc
D:8:      overflow_temple_1_default, david_lair_generic, serial_shops,
          nicolae_shop_overgrown_old_shop, uniq_erolcha
D:9:      old_standard_altar, uniq_prince_ribbit1
D:10:     blue_anna_alchemist, nrook_guardian_serpent_double
Lair:2:   minivault_23, beast_lair_carwin_1, lemuel_fruit_tree,
          infiniplex_staircase_pool_2
Lair:3:   minmay_swamp_entry_swarm
Lair:4:   spider_nest_entry_rubble, wad_woods_04
Lair:6:   minmay_slime_entry_pillars, portal_ice_cave_entry_animals_and_master
Sewer:    sewer_minmay_treatment
IceCv:    ice_cave_small_demon

Notes
Turn   | Place    | Note
--------------------------------------------------------------
     0 | D:1      | RobertPalmer, the Ogre Transmuter, began the quest for the Orb.
     0 | D:1      | Reached XP level 1. HP: 19/19 MP: 3/3
   117 | D:1      | Reached XP level 2. HP: 24/27 MP: 3/5
   162 | D:1      | Reached skill level 2 in Transmutations
   234 | D:1      | Reached skill level 1 in Maces & Flails
   485 | D:1      | Reached skill level 2 in Maces & Flails
   719 | D:1      | Reached XP level 3. HP: 23/33 MP: 4/6
  1022 | D:1      | Reached skill level 3 in Maces & Flails
  1370 | D:2      | Found a burning altar of Makhleb.
  1489 | D:2      | Reached skill level 4 in Maces & Flails
  1489 | D:2      | Reached XP level 4. HP: 34/41 MP: 6/8
  1509 | D:2      | Learned a level 2 spell: Sticks to Snakes
  1579 | D:2      | Found an iron altar of Okawaru.
  1639 | D:2      | Noticed an angel
  1640 | D:2      | Found a glowing silver altar of Zin.
  1665 | D:2      | Found a radiant altar of Vehumet.
  1665 | D:2      | Found a shattered altar of Ashenzari.
  1734 | D:2      | Became a worshipper of Ashenzari the Shackled
  1872 | D:3      | Found a blossoming altar of Fedhas.
  1898 | D:3      | Reached skill level 5 in Maces & Flails
  1940 | D:3      | Found a glowing drain.
  1940 | D:3      | Noticed RobertPalmer's ghost (average OgTm)
  2097 | D:3      | Reached XP level 5. HP: 43/48 MP: 9/9
  2142 | D:3      | Noticed Natasha
  2152 | D:3      | Killed Natasha
  2180 | D:3      | Noticed Natasha
  2312 | D:3      | Reached skill level 6 in Maces & Flails
  2358 | D:3      | Killed Natasha
  2418 | Sewer    | Entered a sewer
  2596 | Sewer    | Reached XP level 6. HP: 55/55 MP: 11/11
  2672 | Sewer    | Reached skill level 7 in Maces & Flails
  2795 | Sewer    | Reached skill level 8 in Maces & Flails
  2951 | Sewer    | Reached XP level 7. HP: 60/62 MP: 5/12
  3206 | D:3      | Killed RobertPalmer's ghost
  3206 | D:3      | Reached skill level 9 in Maces & Flails
  3416 | D:3      | Noticed Natasha
  3425 | D:3      | Killed Natasha
  4288 | D:4      | Reached skill level 10 in Maces & Flails
  4344 | D:4      | Learned a level 3 spell: Spider Form
  4391 | D:4      | Found a glowing golden altar of the Shining One.
  4525 | D:4      | Noticed Sigmund
  4545 | D:4      | Found a bloodstained altar of Trog.
  4545 | D:4      | Noticed nht's ghost (experienced MiHu)
  4621 | D:5      | Entered Level 5 of the Dungeon
  4919 | D:5      | Reached XP level 8. HP: 37/70 MP: 14/14
  5081 | D:5      | Reached skill level 11 in Maces & Flails
  6028 | D:6      | Found a shimmering altar of Xom.
  6063 | D:6      | Reached skill level 12 in Maces & Flails
  6064 | D:6      | Found a shadowy altar of Dithmenos.
  6394 | D:6      | Found a snail-covered altar of Cheibriados.
  6402 | D:6      | Noticed a hill giant
  6562 | D:4      | Reached skill level 13 in Maces & Flails
  6932 | D:4      | Killed Sigmund
  6932 | D:4      | Reached XP level 9. HP: 69/76 MP: 15/15
  6943 | D:4      | Killed nht's ghost
  6943 | D:4      | Reached skill level 14 in Maces & Flails
  7039 | D:6      | Reached skill level 2 in Dodging
  7476 | D:6      | Found a basalt altar of Yredelemnul.
  7547 | D:6      | Reached skill level 3 in Dodging
  7907 | D:6      | Killed a hill giant
  7907 | D:6      | Reached skill level 5 in Dodging
  8618 | D:6      | Reached skill level 6 in Dodging
  8725 | D:7      | Noticed Talonman's ghost (experienced DrEE)
  8818 | D:7      | Found a basalt altar of Yredelemnul.
  8864 | D:7      | Noticed Blork the orc
  8888 | D:7      | Killed Blork the orc
  9139 | D:7      | Reached XP level 10. HP: 55/84 MP: 15/17
  9198 | D:8      | Reached skill level 7 in Dodging
  9405 | D:7      | Found Stroul's Jewellery Boutique.
  9740 | D:8      | Found Threopl High's Assorted Antiques.
 10000 | D:8      | Found an opulent altar of Gozag.
 10009 | D:8      | Got the cursed dagger of the Illusory Stars {flame, +Rage rElec}
 10108 | D:8      | Found a staircase to the Lair.
 10108 | D:8      | Noticed an elephant
 10109 | D:8      | Noticed a death yak
 10180 | D:8      | Killed a death yak
 10180 | D:8      | Reached skill level 8 in Dodging
 10207 | D:8      | Noticed Erolcha
 10219 | D:8      | Killed Erolcha
 10219 | D:8      | Reached skill level 9 in Dodging
 11690 | D:8      | Killed an elephant
 11690 | D:8      | Reached skill level 10 in Dodging
 11795 | D:9      | Identified the ring "Ceozeesm" {rF+ Slay+6 Stlth++}
 11886 | D:9      | Learned a level 1 spell: Animate Skeleton
 11890 | D:9      | Learned a level 3 spell: Regeneration
 11936 | D:9      | Found a bloodstained altar of Trog.
 12003 | D:9      | Noticed Prince Ribbit
 12004 | D:9      | Noticed Prince Ribbit
 12004 | D:9      | Prince Ribbit changed into Prince Ribbit the baby alligator
 12014 | D:9      | Killed Prince Ribbit the baby alligator
 12089 | D:9      | Acquired Ashenzari's first power
 12101 | D:9      | Reached XP level 11. HP: 49/91 MP: 18/18
 12531 | D:10     | Entered Level 10 of the Dungeon
 12611 | Lair:1   | Entered Level 1 of the Lair of Beasts
 12836 | Lair:1   | Reached skill level 2 in Necromancy
 13402 | Lair:1   | Reached skill level 3 in Necromancy
 13800 | Lair:1   | Reached skill level 4 in Necromancy
 14714 | Lair:2   | Reached skill level 5 in Necromancy
 14928 | Lair:2   | Learned a level 4 spell: Animate Dead
 14967 | Lair:2   | Acquired Ashenzari's second power
 14997 | Lair:2   | Reached skill level 1 in Charms
 15070 | Lair:2   | Reached skill level 2 in Charms
 15493 | Lair:2   | Reached skill level 3 in Charms
 16032 | Lair:2   | Reached skill level 4 in Charms
 16037 | Lair:2   | Reached XP level 12. HP: 69/100 MP: 15/19
 16515 | Lair:3   | Reached skill level 5 in Charms
 16528 | Lair:3   | Found a staircase to the Swamp.
 17225 | Lair:4   | Acquired Ashenzari's third power
 17325 | Lair:4   | Reached skill level 6 in Charms
 17373 | Lair:4   | Found a hole to the Spider Nest.
 17423 | Lair:4   | Noticed a seven-headed hydra
 17437 | Lair:4   | Identified a wand of teleportation {zapped: 1} (You found it on level 3 of the Lair of Beasts)
 17904 | Lair:4   | Killed a seven-headed hydra
 19032 | Lair:6   | Noticed a death yak
 19032 | Lair:6   | Noticed a death yak
 19032 | Lair:6   | Noticed a death yak
 19032 | Lair:6   | Noticed a death yak
 19034 | Lair:6   | Noticed a death yak
 19112 | Lair:6   | Reached skill level 11 in Dodging
 19128 | Lair:6   | HP: 7/100 [blink frog (14)]
 19347 | Lair:6   | Found a frozen archway.
 19348 | Lair:6   | Noticed an ice dragon
 19370 | Lair:6   | Identified 3 potions of resistance
 19399 | Lair:6   | Killed an ice dragon
 19662 | IceCv    | Entered an ice cave
 19759 | IceCv    | Reached skill level 15 in Maces & Flails
 19829 | IceCv    | Reached XP level 13. HP: 85/106 MP: 17/20
 19880 | IceCv    | Slain by a blue devil

Vanquished Creatures
  A death yak (D:8)
  Erolcha (D:8)
  A hill giant (D:6)
  2 ice statues (IceCv)
  An elephant (D:8)
  A griffon (Lair:5)
  2 black mambas
  4 spiny frogs
  The ghost of nht the Cleaver, an experienced MiHu (D:4)
  2 fire drakes
  3 komodo dragons
  3 polar bears (Lair:6)
  A baby alligator (D:9)
  4 blue devils (IceCv)
  4 blink frogs (Lair:6)
  A basilisk (Lair:5)
  23 yaks
  A hippogriff (Lair:4)
  14 wolves
  6 vampire mosquitoes (Lair:3)
  3 orc warriors
  5 porcupines
  A black bear (Lair:1)
  2 sky beasts
  8 water moccasins
  2 phantoms (D:9)
  The ghost of RobertPalmer the Cudgeler, an average OgTm (D:3)
  2 ice beasts
  A necrophage (D:6)
  5 ogres
  A centaur (D:6)
  6 crocodiles
  Sigmund (D:4)
  2 big kobolds (Sewer)
  Blork the orc (D:7)
  12 giant frogs
  4 scorpions
  3 jellies
  A hippogriff skeleton (D:7)
  6 wights
  3 goliath beetles
  A centaur zombie (D:6)
  2 crimson imps
  A giant frog skeleton (D:5)
  A giant frog zombie (D:4)
  6 hounds
  4 orc priests
  7 orc wizards
  5 sheep
  Natasha (thrice) (D:3)
  7 iguanas
  6 worker ants
  A big kobold skeleton (D:8)
  A hound zombie (D:5)
  A mummy (D:8)
  8 gnolls
  A worker ant zombie (D:5)
  56 green rats
  An orc skeleton (D:9)
  4 shadow imps
  15 adders
  A giant mite (D:3)
  2 white imps (IceCv)
  9 ufetubi (IceCv)
  2 worms
  6 giant geckos
  An ooze (D:4)
  33 orcs
  6 ball pythons
  15 bats
  8 goblins
  13 hobgoblins
  24 jackals
  27 kobolds
  9 giant cockroaches
  A giant gecko zombie (D:6)
  3 giant newts
  A giant spore (D:8)
  A gnoll zombie (D:5)
  2 hobgoblin zombies (D:5)
  A kobold skeleton (D:7)
  9 quokkas
  21 rats
  A rat skeleton (D:4)
  6 ballistomycetes (D:6)
  2 plants (Lair:4)
481 creatures vanquished.

Vanquished Creatures (collateral kills)
  An ice dragon (Lair:6)
  A hydra (Lair:4)
  A yak (Lair:2)
  A tarantella (Lair:4)
  A hippogriff (Lair:3)
  A wolf (Lair:2)
  A vampire mosquito (Lair:3)
  A giant frog (Lair:2)
  A goliath beetle (D:6)
  An orc wizard (D:3)
  A worker ant (D:6)
  2 adders
  12 green rats
  An orc (D:6)
  A jackal (D:3)
  2 kobolds (Sewer)
  3 rats
32 creatures vanquished.

Vanquished Creatures (others)
  A spiny frog zombie (Lair:3)
  A blink frog zombie (Lair:6)
  A komodo dragon zombie (Lair:2)
  A water moccasin zombie (Lair:5)
  3 yak zombies
  A hippogriff zombie (Lair:4)
  A polar bear zombie (Lair:6)
  A wolf zombie (Lair:4)
  A giant frog zombie (Lair:3)
  A wolf skeleton (Lair:4)
  2 porcupine zombies
  A crocodile zombie (Lair:4)
  A gnoll (D:7)
  2 white imps (IceCv)
  An ufetubus (IceCv)
  6 green rat zombies (Lair:4)
  4 giant spores (D:6)
  A rat (D:6)
30 creatures vanquished.

Grand Total: 543 creatures vanquished
